 Dungeon Crawl Stone Soup version 0.20-a0-899-g09a9bfb (webtiles) character file.

9 4thArraOfDagon the Magician (level 2, -1/25 HPs)
             Began as a Naga Wanderer on Mar 18, 2017.
             Slain by an adder (2 damage)
             ... on level 2 of the Dungeon.
             The game lasted 00:01:25 (178 turns).

4thArraOfDagon the Magician (Naga Wanderer)          Turns: 178, Time: 00:01:25

Health: -1/25      AC:  5    Str: 12    XL:     2   Next: 16%
Magic:  9/9        EV:  3    Int: 15    God:
Gold:   0          SH:  0    Dex:  9    Spells: 13/13 levels left

rFire    . . .     SeeInvis +   p - +0 long sword
rCold    . . .     Gourm    .   i - +0 chain mail
rNeg     . . .     Faith    .   (no shield)
rPois    +         Spirit   .   (no helmet)
rElec    .         Reflect  .   (no cloak)
rCorr    .         Harm     .   h - +0 pair of gloves
MR       .....                  (no barding)
Stlth    ..........             (no amulet)
Regen    0.1/turn               (no ring)
MPRegen  0.2/turn               (no ring)

@: flying, very slow
A: see invisible, deformed body, poison resistance, slowness 2, slow metabolism
1, spit poison 1, AC +0
a: Spit Poison


You were on level 2 of the Dungeon.
You were not hungry.

You visited 1 branch of the dungeon, and saw 2 of its levels.

Inventory:

Hand Weapons
 e - a +0 club
 f - a +0 dagger
 p - a +0 long sword (weapon)
Armour
 d - a +0 robe
 h - a +0 pair of gloves (worn)
 i - a +0 chain mail (worn)
Scrolls
 k - a scroll of identify {unknown}
 l - a scroll of recharging {unknown}
 m - a scroll of fog {unknown}
 o - a scroll of immolation {unknown}
Potions
 j - a potion of berserk rage {unknown}
 n - a potion of curing {unknown}
Books
 a - a book of Minor Magic

   Spells                             Type                      Level
   a - Magic Dart                     Conjuration                  1
   b - Blink                          Translocation                2
   c - Call Imp                       Summoning                    2
   d - Slow                           Hexes                        2
   e - Conjure Flame                  Conjuration/Fire             3
   f - Mephitic Cloud                 Conjuration/Poison/Air       3
 b - the Almanac of Snow

   Spells                             Type                      Level
   a - Throw Frost                    Conjuration/Ice              2
   b - Ensorcelled Hibernation        Hexes/Ice                    2
 c - the Volume of the Mountains

   Spells                             Type                      Level
   a - Sandblast                      Earth                        1
   b - Stone Arrow                    Conjuration/Earth            3
Comestibles
 g - a bread ration


   Skills:
 + Level 1.6 Fighting
 * Level 0.2 Long Blades
 - Level 3.0 Stealth
 - Level 6.0 Spellcasting
   Level 1.0 Transmutations
   Level 1.0 Earth Magic


You had 13 spell levels left.
You didn't know any spells.

Dungeon Overview and Level Annotations

Branches:
Dungeon (2/15)

Altars:

Annotations:
D:1 1 exclusion


Innate Abilities, Weirdness & Mutations

You cannot wear boots.
Your serpentine skin is tough. (AC +0)
You have supernaturally acute eyesight. (SInv)
Armour fits poorly on your strangely shaped body.
Your system is resistant to poisons. (rPois)
You cover ground very slowly.
You have a slow metabolism.
You can spit poison.


Message History

The adder is severely wounded.
The adder bites you. The adder bites you but does no damage.
You closely miss the adder.
The adder is severely wounded.
The adder bites you but does no damage. The adder bites you.
* * * LOW HITPOINT WARNING * * *
Press: ? - help, Shift-Dir - straight line, f/p - adder
Aim: an adder (severely wounded)
You fail to use your ability.
The adder bites you but does no damage.
You hit the adder.
The adder is severely wounded.
The adder bites you.
* * * LOW HITPOINT WARNING * * *
The adder bites you.
* * * LOW HITPOINT WARNING * * *
Unknown command.
It was a potion of flight.
You feel very buoyant.
You fly up into the air.
The adder bites you.
You die...

.....## ..# .<.....
#.# ..(.... #.#
....... #.# .......
##.########.# $......
#...........#
.......###).....######
....>..gS.......#
.....####@......# ###
##......# #<.....#
#[.....# #......#
#......# #......#
########


You could see an adder and a goblin.

Vanquished Creatures
  A ball python (D:1)
  3 bats (D:1)
  A giant cockroach (D:1)
  A hobgoblin (D:2)
  2 frilled lizards (D:1)
  A kobold (D:1)
  A rat (D:1)
10 creatures vanquished.

Notes
Turn   | Place    | Note
-------+----------+-------------------------------------------
     0 | D:1      | 4thArraOfDagon the Naga Wanderer began the quest for the Orb.
     0 | D:1      | 4thArraOfDagon set off with: a book of Minor Magic, the Almanac of Snow, the Volume of the Mountains, a +0 robe, a +0 club, a +0 dagger, a bread ration
     0 | D:1      | Reached XP level 1. HP: 15/15 MP: 7/7
     0 | D:1      | Identified the Almanac of Snow
     0 | D:1      | Identified the Volume of the Mountains
    55 | D:1      | Reached skill level 1 in Fighting
   110 | D:1      | Reached XP level 2. HP: 23/25 MP: 9/9
   177 | D:2      | HP: 1/25 [adder (2)]
   178 | D:2      | Slain by an adder

Vault maps used:
D:1:      onia_arrival_larder, hex_medium
D:2:      lemuel_coloured_pillars_altar, first_bread, uniq_crazy_yiuf_cottage

Skill      XL: |  1 |
---------------+----+-----
Fighting       | 1 |  1.6
Long Blades    | |  0.2
Stealth        | |  3.0
Spellcasting   | |  6.0
Transmutations | |  1.0
Earth Magic    | |  1.0

Action                   || total
-------------------------++-------
Melee: Club              ||     9
       Long sword        ||    15
 Abil: Spit Poison       ||    10
  Use: Potion            ||     1
Armor: Robe              ||     2
       Chain mail        ||    18
Dodge: Dodged            ||     2
